 Dungeon Crawl Stone Soup version 0.19-a0-1654-g9d3f708 (webtiles) character file.

1865 PurpleRed the Destroyer (level 8, -1/61 HPs)
             Began as a Deep Elf Conjurer on Sept 20, 2016.
             Was a Follower of Vehumet.
             Slain by a warg (8 damage)
             ... on level 9 of the Dungeon.
             The game lasted 00:21:56 (1765 turns).

PurpleRed the Destroyer (Deep Elf Conjurer)         Turns: 1765, Time: 00:21:57

Health: -1/61      AC: 24    Str:  5    XL:     8   Next: 90%
Magic:  1/22       EV:  2    Int: 28    God:    Vehumet [*.....]
Gold:   219        SH:  0    Dex: 19    Spells: 4 memorised, 11 levels left

rFire  . . .     SeeInvis .     x - +0 dagger (flame)
rCold  . . .     Gourm    .     (armour currently unavailable)
rNeg   + + +     Faith    .     (no shield)
rPois  +         Spirit   .     (helmet currently unavailable)
rElec  .         Dismiss  .     (cloak currently unavailable)
rCorr  .         Reflect  .     (gloves currently unavailable)
MR     .....     Harm     .     (boots currently unavailable)
Stlth  ++++...... NoTele   +    l - amulet of rage
                                B - +4 ring of dexterity
                                h - ring of stealth

@: brilliant, tree-form (expiring)
A: no striking features
a: Renounce Religion, Evoke Berserk Rage


You were on level 9 of the Dungeon.
You worshipped Vehumet.
Vehumet was aware of your devotion.
You were not hungry.
You were a tree.
You visited 2 branches of the dungeon, and saw 10 of its levels.

You collected 219 gold pieces.

Inventory:

Hand Weapons
 j - a +0 hand axe
 p - a +1 vampiric short sword
 u - a +0 dagger of pain
 x - a +0 dagger of flaming (weapon)
Missiles
 e - 13 stones
 y - 11 javelins (quivered)
Armour
 a - a +1 robe (melded)
 w - a +2 cloak (melded)
 E - the cursed +0 helmet "Uriets" (melded) {rC++ MR+}
   (You found it on level 8 of the Dungeon)

   It greatly protects you from cold.
   It affects your resistance to hostile enchantments.
   It has a curse placed upon it.
Jewellery
 h - a ring of stealth (left branch)
 l - an amulet of rage (around neck)
 B - a +4 ring of dexterity (right branch)
Wands
 n - a wand of iceblast (9/15)
 o - a wand of teleportation (1/9)
 q - a wand of flame (22/48)
 z - a wand of enslavement (0/24)
 I - a wand of random effects (31/48)
Scrolls
 i - a scroll of magic mapping
 m - 2 scrolls of enchant armour
 v - 5 scrolls of remove curse
Potions
 d - a potion of lignification
 r - a potion of cancellation
 G - 2 potions of flight
Books
 b - a book of Conjurations

   Spells                             Type                      Level
   a - Magic Dart                     Conjuration                  1
   b - Searing Ray                    Conjuration                  2
   c - Dazzling Spray                 Conjuration/Hexes            3
   d - Fulminant Prism                Conjuration/Hexes            4
   e - Iskenderun's Mystic Blast      Conjuration                  4
   f - Iskenderun's Battlesphere      Conjuration/Charms           5
Comestibles
 c - 4 bread rations
 f - 2 meat rations
 D - 2 fruits
 F - a chunk of flesh


   Skills:
 - Level 2.4 Dodging
 - Level 2.4 Stealth
 + Level 8.1 Spellcasting
 * Level 10.3 Conjurations
 + Level 7.2 Charms


You had 11 spell levels left.
You knew the following spells:

 Your Spells              Type           Power        Failure   Level  Hunger
a - Magic Dart            Conj           ####         1%          1    None
b - Searing Ray           Conj           ######       1%          2    None
c - Iskenderun's Mystic   Conj           ######..     1%          4    ##.....
d - Iskenderun's Battles  Conj/Chrm      ######..     1%          5    ####...


Dungeon Overview and Level Annotations

Branches:
Dungeon (9/15)             Temple (1/1) D:6             Orc (0/2) D:9
   Lair: D:8-11

Altars:
Dithmenos
Fedhas
Gozag
Hepliaklqana
Kikubaaqudgha
Makhleb
Okawaru
Ru
Sif Muna
Trog
Uskayaw
Vehumet
Yredelemnul
The Shining One

Shops:
D:7 *}


Message History

Okay, then.
Okay, then.
Evoke which item? (* to show all) (? for menu, Esc to quit)
Zapping:
z - a wand of enslavement {zapped: 6} (will waste charges)
Press: ? - help, Shift-Dir - straight line, f - warg, p - warg
Aim: a warg (chance to defeat MR: 28%)
The warg easily resists.
Evoking this partially-identified wand wasted a few charges.
The warg bites you but does no damage. The warg bites your hound zombie.
Your hound zombie bites the warg.
The warg bites you but does no damage. x2
The warg bites your hound zombie!
Your hound zombie is destroyed!
Evoke which item? (* to show all) (? for menu, Esc to quit)
Zapping:
z - a wand of enslavement {zapped: 8} (will waste charges)
Press: ? - help, Shift-Dir - straight line, f/p - warg
Aim: a warg (chance to defeat MR: 28%) Nothing appears to happen.
The warg bites you.
* * * LOW HITPOINT WARNING * * *
The warg bites you!
You die...

.. .# .# .# ##.# #
#.. .# #####h##
#######.## #....♣.#
#........# #...hh.#
#..<.....#
#......#####........#
#......#............#
+......#.###<.......#
#......+ ####.#####
#....... ..# ####..>.
### #....


You could see 3 wargs.

Vanquished Creatures
  A troll (D:9)
  A two-headed ogre (D:8)
  A hungry ghost (D:7)
  A warg (D:9)
  3 sky beasts
  2 ogres
  3 bullfrogs
  A scorpion (D:8)
  4 hounds
  2 orc priests (D:6)
  A jelly (D:6)
  A centaur skeleton (D:6)
  An iguana (D:7)
  5 orc wizards
  A worker ant (D:6)
  5 adders
  An adder zombie (D:8)
  3 adder skeletons
  A dart slug (D:2)
  A leopard gecko (D:3)
  16 orcs
  A ball python (D:1)
  3 giant cockroaches
  A goblin (D:1)
  A quokka (D:3)
  A rat (D:2)
62 creatures vanquished.

Vanquished Creatures (others)
  A hound zombie (D:9)
1 creature vanquished.

Grand Total: 63 creatures vanquished

Notes
Turn   | Place    | Note
-------+----------+-------------------------------------------
     0 | D:1      | PurpleRed the Deep Elf Conjurer began the quest for the Orb.
     0 | D:1      | Reached XP level 1. HP: 10/10 MP: 6/6
   359 | D:2      | Reached XP level 2. HP: 14/15 MP: 1/8
   367 | D:2      | Reached skill level 5 in Conjurations
   402 | D:3      | Reached XP level 3. HP: 18/19 MP: 3/10
   406 | D:3      | Learned a level 2 spell: Searing Ray
   490 | D:4      | Noticed an ogre
   498 | D:4      | Killed an ogre
   498 | D:4      | Reached skill level 6 in Conjurations
   498 | D:4      | Reached XP level 4. HP: 24/24 MP: 4/12
   534 | D:5      | Entered Level 5 of the Dungeon
   609 | D:4      | Found a large runed door.
   609 | D:4      | Found a large runed door.
   624 | D:4      | Noticed a bullfrog
   667 | D:4      | Killed a bullfrog
   667 | D:4      | Reached XP level 5. HP: 15/28 MP: 8/14
   673 | D:4      | Learned a level 4 spell: Iskenderun's Mystic Blast
   679 | D:4      | Learned a level 5 spell: Iskenderun's Battlesphere
   682 | D:4      | Found a large runed door.
   682 | D:4      | Found a large runed door.
   748 | D:5      | Noticed a sky beast
   761 | D:5      | Killed a sky beast
   761 | D:5      | Reached skill level 5 in Spellcasting
   761 | D:5      | Reached skill level 1 in Charms
   761 | D:5      | Reached XP level 6. HP: 27/32 MP: 9/15
   774 | D:5      | Noticed a sky beast
   780 | D:5      | Killed a sky beast
   780 | D:5      | Reached skill level 7 in Conjurations
   800 | D:5      | Found a sacrificial altar of Ru.
   926 | D:6      | Reached XP level 7. HP: 25/36 MP: 1/17
  1057 | D:6      | Found a glowing golden altar of the Shining One.
  1122 | D:6      | Found a staircase to the Ecumenical Temple.
  1142 | D:6      | Reached skill level 8 in Conjurations
  1157 | Temple   | Entered the Ecumenical Temple
  1193 | Temple   | Became a worshipper of Vehumet
  1315 | D:7      | Found Plog's Gadget Shop.
  1372 | D:6      | Reached skill level 5 in Charms
  1434 | D:7      | Found Gozag's Platinum Reserve.
  1434 | D:7      | Found an opulent altar of Gozag.
  1434 | D:7      | Noticed a hungry ghost
  1438 | D:7      | Killed a hungry ghost
  1438 | D:7      | Reached skill level 9 in Conjurations
  1438 | D:7      | Reached XP level 8. HP: 27/41 MP: 1/20
  1446 | D:7      | Found Jititirch's Weapon Shoppe.
  1611 | D:8      | Noticed a two-headed ogre
  1620 | D:8      | Reached * piety under Vehumet
  1620 | D:8      | Offered knowledge of Freeze by Vehumet.
  1622 | D:8      | Killed a two-headed ogre
  1651 | D:8      | Got a faintly humming helmet
  1657 | D:8      | Identified the cursed +0 helmet "Uriets" {rC++ MR+} (You found it on level 8 of the Dungeon)
  1741 | D:9      | Found a staircase to the Orcish Mines.
  1743 | D:9      | Noticed a troll
  1749 | D:9      | Reached skill level 10 in Conjurations
  1757 | D:9      | Killed a troll
  1765 | D:9      | Slain by a warg

Vault maps used:
D:1:      dpeg_arrival_arbitrary_a
D:2:      cheibriados_altar_1, minmay_item_behind_shaft
D:3:      gammafunk_temple_overflow_wave, minmay_door_square, uniq_iyjb,
          uniq_jessica, uniq_robin
D:4:      first_bread, minmay_hollow_rounded_squares
D:5:      nicolae_ru_sacrificial_ziggurat
D:6:      tso_oasis_becter
D:7:      serial_shops, kennysheep_mini, shop_fountains, shop,
          kennysheep_mini_moat, kennysheep_little_box,
          nicolae_gozag_zags_fifth_avenue
D:9:      minmay_lair_entry_lava, minmay_orc_entry_guard_dogs, grunt_livestock
Temple:   nicolae_temple_elliptical

Skill      XL: |  1  2  3  4  5  6  7  8 |
---------------+-------------------------+-----
Conjurations   | 5 6 7 9 10 | 10.3
Spellcasting   | 4 5 6 8 |  8.1
Charms         | 1 3 5 7 |  7.2
Dodging        | |  2.4
Stealth        | |  2.4

Action                   |  1- 3 |  4- 6 |  7- 9 || total
-------------------------+-------+-------+-------++-------
Melee: Hand axe          |     9 |     1 |       ||    10
       Dagger            |       |       |    10 ||    10
Throw: Javelin           |       |       |     9 ||     9
 Cast: Magic Dart        |    25 |    19 |    52 ||    96
       Searing Ray       |     1 |     8 |     8 ||    17
       Iskenderun's Batt |       |       |     8 ||     8
       Iskenderun's Myst |       |       |     2 ||     2
 Abil: Evoke Berserk Rag |     1 |       |       ||     1
Evoke: Wand              |       |       |     5 ||     5
  Use: Scroll            |     3 |     3 |     6 ||    12
       Potion            |       |       |     5 ||     5
 Stab: Sleeping          |       |       |     2 ||     2
  Eat: Chunk             |       |     1 |     4 ||     5
       Fruit             |       |       |     1 ||     1
       Pizza             |       |       |     1 ||     1
       Beef jerky        |       |       |     1 ||     1
Armor: Robe              |     2 |     1 |     5 ||     8
       Skin              |       |       |    68 ||    68
Dodge: Dodged            |     6 |     3 |    12 ||    21
